 Dungeon Crawl Stone Soup version 0.29.1-15-g9cfb28693d (webtiles) character file.

Game seed: 4379979105443993653

513 Hugehornet the Covered (level 7, -5/52 HPs)
             Began as a Formicid Fighter on Apr 2, 2023.
             Slain by an ogre
             ... wielding a +0 giant club
              (22 damage)
             ... on level 5 of the Dungeon.
             The game lasted 00:08:14 (4279 turns).

Hugehornet the Covered (Formicid Fighter)           Turns: 4279, Time: 00:08:15

Health: -5/52      AC:  7    Str: 21    XL:     7   Next: 43%
Magic:  7/7        EV:  9    Int:  9    God:
Gold:   123        SH:  5    Dex: 13    Spells: 6/6 levels left

rFire   + . .      SeeInvis +   a - +0 trident
rCold   . . .      Faith    .   c - +0 buckler
rNeg    . . .      Spirit   .   b - +0 scale mail
rPois   .          Reflect  .   (helmet unavailable)
rElec   .          Harm     .   j - scarf {repulsion}
rCorr   .          Rampage  .   (no gloves)
Will    .....                   (no boots)
Stlth   ..........              (no amulet)
HPRegen 0.17/turn               e - ring of protection from fire
MPRegen 0.10/turn               r - ring of flight

@: flying, repel missiles
A: permanent stasis, dig shafts and tunnels, antennae 3, four strong arms,
screaming 1
a: Dig, Shaft Self


You were on level 5 of the Dungeon.
You visited 1 branch of the dungeon, and saw 5 of its levels.

You collected 279 gold pieces.
You spent 156 gold pieces at shops.

Inventory:

Hand Weapons
 a - a +0 trident (weapon)
Armour
 b - a +0 scale mail (worn)
 c - a +0 buckler (worn)
 j - a scarf of repulsion (worn)
Jewellery
 e - a ring of protection from fire (left hand)
 i - a ring of ice
 r - a ring of flight (right hand)
 w - a ring of willpower
Wands
 t - a wand of paralysis (9)
Scrolls
 h - a scroll of enchant armour
 k - a scroll of torment
 l - a scroll of immolation
 n - a scroll of magic mapping {unknown}
 q - a scroll of vulnerability
 s - a scroll of silence
 v - a scroll of enchant weapon {unknown}
 y - a scroll of butterflies
 z - a scroll of poison
Potions
 d - 2 potions of might
 f - a potion of resistance
 g - 3 potions of curing
 m - a potion of magic
 o - a potion of brilliance
 p - a potion of heal wounds


   Skills:
 - Level 3.2 Fighting
 - Level 6.0 Polearms
 + Level 6.1 Armour
 - Level 4.0 Shields


You had 6 spell levels left.
You didn't know any spells.
Your spell library was empty.

Dungeon Overview and Level Annotations

Branches:
Dungeon (5/15)
 Temple: D:4-7

Altars:
Ru
Uskayaw

Shops:
D:4 :?


Innate Abilities, Weirdness & Mutations

You cannot be hasted, slowed, berserked, paralysed or teleported.
You can dig through walls and to a lower floor.
You have a pair of large antennae on your head. (SInv)
Your four strong arms can wield two-handed weapons with a shield.
You occasionally shout uncontrollably at your foes.


Message History

The white imp is lightly wounded.
The white imp summons a swarm of flies.
The white imp gestures at you. The puff of frost hits you!
You puncture the white imp!
The white imp is almost dead.
The white imp gestures at you. The puff of frost hits you.
You hit the white imp but do no damage.
The white imp is severely wounded.
The white imp closely misses you.
You hit the white imp.
You kill the white imp!
No target in view!
HP restored.
You sense a monster nearby.
You reach down and open the door.
An ogre comes into view. It is wielding a +0 giant club.
Reach: a) +0 trident
Press: ? - help, Dir - move target, f - ogre
Aim: an ogre, wielding a +0 giant club (about 25% to evade your +0 trident)
You reach to attack!
You hit the ogre.
The ogre is lightly wounded.
You closely miss the ogre.
The ogre is lightly wounded.
The ogre hits you with a +0 giant club!!
You closely miss the ogre.
The ogre is lightly wounded.
You puncture the ogre!
The ogre is moderately wounded.
The ogre hits you with a +0 giant club!
You are too injured to fight recklessly!
You are too injured to fight recklessly!
You puncture the ogre!
The ogre is severely wounded.
The ogre closely misses you.
You hit the ogre.
The ogre is almost dead.
The ogre hits you with a +0 giant club!!
You die...

.... .... .....
####### . .....
#.....##.
......#........
......#.....#
......O@....##..#
......#......#..#
..... #.....##..#
.... #.....##..#
... #......#..#
.. #......#..# .
#......#..#
#.....##<.#
.##.....##..#


You could see an ogre.

Vanquished Creatures
  Grinder (D:4)
  An ogre (D:4)
  An orc priest (D:2)
  An iguana (D:4)
  An orc wizard (D:2)
  Robin (D:4)
  5 adders
  A white imp (D:5)
  An orc (D:2)
  9 endoplasms
  3 giant cockroaches
  21 goblins
  8 hobgoblins
  3 jackals (D:3)
  7 kobolds
  2 quokkas
  9 ball pythons
  4 bats
  A frilled lizard (D:2)
  3 rats
83 creatures vanquished.

Vanquished Creatures (others)
  A goblin (D:4)
  2 fungi (D:3)
  4 plants (D:3)
7 creatures vanquished.

Grand Total: 90 creatures vanquished

Notes
Turn   | Place    | Note
-------+----------+-------------------------------------------
     0 | D:1      | Hugehornet the Formicid Fighter began the quest for the
                  | Orb.
     0 | D:1      | Reached XP level 1. HP: 18/18 MP: 1/1
   312 | D:1      | Reached XP level 2. HP: 24/24 MP: 2/2
   463 | D:1      | Found a faded altar of an unknown god.
  1124 | D:2      | Reached XP level 3. HP: 29/29 MP: 3/3
  1259 | D:2      | Reached XP level 4. HP: 35/35 MP: 4/4
  1498 | D:2      | Reached XP level 5. HP: 19/41 MP: 5/5
  1936 | D:3      | Reached skill level 5 in Polearms
  2479 | D:3      | Found a sacrificial altar of Ru.
  2645 | D:4      | Found Yfuistot's Book Boutique.
  2663 | D:4      | Found a hide-covered altar of Uskayaw.
  3013 | D:4      | Reached XP level 6. HP: 32/47 MP: 6/6
  3150 | D:4      | Found Podyat's Magic Scroll Shoppe.
  3155 | D:4      | Bought 2 scrolls of identify for 48 gold pieces
  3155 | D:4      | Bought a scroll of noise for 12 gold pieces
  3155 | D:4      | Bought a scroll of butterflies for 48 gold pieces
  3155 | D:4      | Bought a scroll of poison for 48 gold pieces
  3160 | D:4      | Gained mutation: You occasionally shout uncontrollably at
                  | your foes. [potion of mutation]
  3274 | D:4      | Noticed an ogre
  3280 | D:4      | Killed an ogre
  3510 | D:4      | Noticed Robin
  3537 | D:4      | Killed Robin
  3869 | D:4      | Noticed Grinder
  3885 | D:4      | Killed Grinder
  3886 | D:4      | Reached XP level 7. HP: 19/52 MP: 7/7
  4119 | D:5      | Entered Level 5 of the Dungeon
  4279 | D:5      | Slain by an ogre

Illustrated notes

Levels and vault maps discovered:
D:1:      dpeg_arrival_chambers_temple_mockup, layout_basic,
          nicolae_ecumenical_snake_handling
D:2:      layout_rooms
D:3:      layout_basic, nicolae_ru_the_path_less_chosen, minmay_misc_feat_roman,
          nicolae_kite_square_tiling_tiny
D:4:      layout_loops_ring, lemuel_round_altar, serial_shops,
          nicolae_shop_waterfront, nicolae_shop_window_shopping, uniq_robin,
          uniq_grinder
D:5:      layout_gridville, minmay_temple_entry_wispy,
          chequers_serial_rivers_micro_b

Skill      XL: |  1  2  3  4  5  6 |
---------------+-------------------+-----
Polearms       | 3 4 5 6 |  6.0
Armour         | 6 |  6.1
Fighting       | |  3.2
Shields        | |  4.0

Action                   |  1- 3 |  4- 6 |  7- 9 || total
-------------------------+-------+-------+-------++-------
Melee: Trident           |    58 |   236 |    12 ||   306
 Abil: Dig               |     1 |       |       ||     1
  Use: Scroll            |       |    13 |       ||    13
       Potion            |       |     1 |       ||     1
Armor: Scale mail        |    22 |    76 |     1 ||    99
Dodge: Dodged            |    21 |    98 |     2 ||   121
       Repelled          |       |     1 |       ||     1
Block: Buckler           |    12 |    37 |       ||    49
